 Dungeon Crawl Stone Soup version 0.24.0-13-gcf9b3192b9 (webtiles) character file.

Game seed: 6365851822534867120, levelgen mode: deterministic

413 inmateoo the Scratcher (level 6, -6/27 HPs)
             Began as a Felid Transmuter on Nov 6, 2019.
             Mangled by an ogre
             ... wielding a +0 giant club
              (23 damage)
             ... on level 4 of the Dungeon.
             The game lasted 00:05:14 (4721 turns).

inmateoo the Scratcher (Felid Transmuter)           Turns: 4721, Time: 00:05:15

Health: -6/27      AC:  2    Str:  6    XL:     6   Next: 59%
Magic:  3/11       EV: 21    Int: 15    God:
Gold:   97         SH:  0    Dex: 23    Spells: 4/10 levels left
                                        Lives:  0   Deaths: 1

rFire    . . .     SeeInvis +     - Unarmed
rCold    . . .     Gourm    .   (shield unavailable)
rNeg     . . .     Faith    .   (armour unavailable)
rPois    x         Spirit   .   (helmet unavailable)
rElec    .         Reflect  .   (cloak unavailable)
rCorr    .         Harm     .   (gloves unavailable)
MR       .....                  (boots unavailable)
Stlth    +++.......             k - amulet of rage
HPRegen  0.09/turn              (no ring)
MPRegen  0.12/turn              (no ring)

@: spider-form, very slightly contaminated
A: tiny, no armour, no weapons or thrown items, stealth, see invisible,
carnivore, slow metabolism 1
a: End Transformation, Evoke Berserk Rage


You were on level 4 of the Dungeon.
You were very full.
You were a venomous arachnid creature.
You visited 1 branch of the dungeon, and saw 4 of its levels.

You collected 97 gold pieces.

Inventory:

Missiles
 a - 9 arrows
Jewellery
 k - an amulet of rage (around neck)
Scrolls
 d - 3 scrolls of remove curse
 h - 2 scrolls of teleportation
 m - a scroll of identify
Potions
 b - a potion of might
 e - a potion of brilliance
 f - 3 potions of haste
 g - a potion of resistance {unknown}
 i - 2 potions of heal wounds
 o - a potion of cancellation
Comestibles
 c - 8 rations


   Skills:
 + Level 2.3 Fighting
 - Level 2.6 Dodging
 + Level 3.0 Stealth
 - Level 5.1 Unarmed Combat
 + Level 2.7 Spellcasting
 * Level 3.9 Transmutations
 * Level 2.9 Evocations


You had 4 spell levels left.
You knew the following spells:

 Your Spells              Type           Power        Failure   Level  Hunger
a - Beastly Appendage     Tmut           ##....       13%         1    #......
b - Sticks to Snakes      Tmut           ##......     17%         2    ##.....
c - Spider Form           Tmut/Pois      #.........   47%         3    ###....

Your spell library contained the following spells:

 Spells                   Type           Power        Failure   Level  Hunger
 Confusing Touch          Hex            #.....       41%         1    #......
 Confuse                  Hex            #.......     73%         3    ###....
 Gell's Gravitas          Tloc           #.........   73%         3    ###....
 Ice Form                 Ice/Tmut       #.......     83%         4    #####..
 Petrify                  Tmut/Erth      #.......     83%         4    #####..
 Blade Hands              Tmut           ##........   89%         5    ######.
 Yara's Violent Unravell  Hex/Tmut       #.........   98%         5    ######.
 Metabolic Englaciation   Hex/Ice        #.........   100%        5    ######.


Dungeon Overview and Level Annotations

Branches:
Dungeon (4/15)
 Temple: D:4-7

Altars:
Elyvilon


Innate Abilities, Weirdness & Mutations

You cannot wear armour.
You are incapable of wielding weapons or throwing items.
Your paws allow you to move quietly. (Stealth)
((You have sharp claws.))
((You have razor-sharp teeth.))
You have supernaturally acute eyesight. (SInv)
You are carnivorous and can eat meat at any time.
((You cover ground quickly.))
((You are covered in thick fur. (AC +2)))
You have a slow metabolism.
((Your sharp claws are effective at attacking unaware monsters.))


Message History

Your skin glows momentarily.
Unknown command.
Casting: Spider Form (safe; 26% risk of failure)
Confirm with . or Enter, or press ? or * to list all spells.
You turn into a venomous arachnid creature.
Unknown command.
Casting: Spider Form (slightly dangerous; 47% risk of failure)
Confirm with . or Enter, or press ? or * to list all spells.
You create a snake!
You now have 9 arrows.
Unknown command.
You bite the ogre!
The ogre is heavily wounded.
The ogre hits you with a +0 giant club!
Your water moccasin bites the ogre.
Unknown command.
You hit the ogre but do no damage.
The ogre is poisoned.
The ogre is severely wounded.
Your water moccasin completely misses the ogre.
The ogre hits you with a +0 giant club!!
Ouch! That really hurt!
You die...

..<..#........#.##.....#..#.....[
....###..........#..#..#.....>...
.... #.........#...#............
#... ..........##.....##........
.... ......[.......#.#####......
....................##......
.............#.## ..?..
............#...# ....
####...s....##...# ...
#..%.O...........
#.....S........(....
...##....###..##.... .. #[...#
....##. . .....# ... #...#.# ..##
..


You could see an ogre and a friendly water moccasin.

Vanquished Creatures
  A phantom (D:4)
  An ogre (D:4)
  An orc priest (D:3)
  2 orc wizards (D:3)
  7 adders
  2 worms
  4 dart slugs
  2 leopard geckos
  12 orcs
  A ball python (D:3)
  6 giant cockroaches
  9 goblins
  5 hobgoblins
  3 jackals (D:4)
  2 kobolds
  2 quokkas
  9 bats
  5 frilled lizards
  12 rats
86 creatures vanquished.

Vanquished Creatures (collateral kills)
  A phantom (D:4)
  An adder (D:4)
  A giant cockroach (D:3)
  2 goblins (D:3)
  2 hobgoblins (D:3)
  A kobold (D:3)
  A rat (D:3)
9 creatures vanquished.

Grand Total: 95 creatures vanquished

Notes
Turn   | Place    | Note
-------+----------+-------------------------------------------
     0 | D:1      | inmateoo the Felid Transmuter began the quest for the Orb.
     0 | D:1      | Reached XP level 1. HP: 9/9 MP: 4/4
   160 | D:1      | Reached XP level 2. HP: 12/12 MP: 6/6
   488 | D:1      | Reached skill level 4 in Unarmed Combat
   638 | D:1      | Reached XP level 3. HP: 13/15 MP: 7/7
   990 | D:2      | Learned a level 2 spell: Sticks to Snakes
   994 | D:2      | Learned a level 3 spell: Spider Form
  1265 | D:2      | Reached skill level 1 in Stealth
  1357 | D:2      | Found a white marble altar of Elyvilon.
  1545 | D:2      | Reached XP level 4. HP: 19/19 MP: 8/8
  1805 | D:2      | Succumbed to an adder's poison
  1806 | D:2      | Reached XP level 3. HP: 0/15 MP: 7/7
  2555 | D:3      | Reached XP level 4. HP: 16/19 MP: 2/8
  2560 | D:3      | Reached skill level 1 in Evocations
  3361 | D:3      | Reached XP level 5. HP: 5/22 MP: 5/9
  4021 | D:4      | Noticed an ogre
  4040 | D:4      | Killed an ogre
  4040 | D:4      | Reached skill level 5 in Unarmed Combat
  4040 | D:4      | Gained mutation: You are covered in thick fur. (AC +2)
                  | [Felid growth]
  4040 | D:4      | Reached XP level 6. HP: 26/26 MP: 5/10
  4721 | D:4      | Mangled by an ogre

Levels and vault maps discovered:
D:1:      giann_horns, layout_loops_corners, minmay_cupped
D:2:      layout_basic, elyvilon_altar_3
D:3:      layout_loops_ring, minmay_randomly_rotated_circles
D:4:      layout_cave_pools, first_ration, serial_bayou_crossing

Skill      XL: |  1  2  3  4  5  6 |
---------------+-------------------+-----
Unarmed Combat | 4 5 |  5.1
Stealth        | 1 2 3 |  3.0
Evocations     | 1 2 |  2.9
Transmutations | 3 |  3.9
Fighting       | 2 |  2.3
Dodging        | |  2.6
Spellcasting   | |  2.7

Action                   |  1- 3 |  4- 6 || total
-------------------------+-------+-------++-------
Melee: Unarmed           |   136 |   120 ||   256
       Bite              |     9 |     7 ||    16
       Headbutt          |     1 |     2 ||     3
       Punch             |     2 |       ||     2
 Cast: Beastly Appendage |     6 |     3 ||     9
       Sticks to Snakes  |     3 |    13 ||    16
       Spider Form       |     1 |     6 ||     7
 Abil: Evoke Berserk Rag |     2 |     2 ||     4
  Use: Scroll            |     3 |     7 ||    10
       Potion            |     2 |     1 ||     3
 Stab: Sleeping          |     6 |     4 ||    10
       Distracted        |       |     1 ||     1
  Eat: Chunk             |    11 |    13 ||    24
Armor: Skin              |    10 |     6 ||    16
Dodge: Dodged            |   117 |    97 ||   214
